 Dungeon Crawl Stone Soup version 0.30-a0-576-g89cddaab80 (webtiles) character file.

Game seed: 6736450615110800816

39 cforsyth the Ruffian (level 3, -9/33 HPs)
             Began as a Ghoul Monk on Dec 31, 2022.
             Mangled by a goblin
             ... wielding a +2 dagger of distortion
             ... led by Robin
              (21 damage)
             ... on level 2 of the Dungeon.
             The game lasted 00:01:26 (1523 turns).

cforsyth the Ruffian (Ghoul Monk)                   Turns: 1523, Time: 00:01:26

Health: -9/33      AC:  2    Str: 16    XL:     3   Next: 47%
Magic:  2/2        EV: 12    Int:  5    God:
Gold:   70         SH:  0    Dex: 11    Spells: 2/2 levels left

rFire   . . .      SeeInvis .      - Unarmed
rCold   + . .      Faith    .    (no shield)
rNeg    + + +      Spirit   .    a - +0 robe
rPois   ∞          Reflect  .    (no helmet)
rElec   .          Harm     .    (no cloak)
rCorr   .          Rampage  .    (no gloves)
Will    .....                    (no boots)
Stlth   ++                       (no amulet)
HPRegen 0.00/turn                (no ring)
MPRegen 0.08/turn                (no ring)

@: inhibited regen
A: claws 1, cold resistance 1, negative energy resistance 3, inhibited
regeneration, torment resistance 2, devour on kill
a: no special abilities


You were on level 2 of the Dungeon.
You visited 1 branch of the dungeon, and saw 2 of its levels.

You collected 70 gold pieces.

Inventory:

Armour
 a - a +0 robe (worn)
Scrolls
 c - a scroll of fear {unknown}
 d - a scroll of identify {unknown}
 e - a scroll of immolation {unknown}
 f - a scroll of vulnerability {unknown}
 g - a scroll of butterflies {unknown}
 h - a scroll of enchant armour {unknown}
Potions
 b - a potion of ambrosia
 i - a potion of flight {unknown}
 j - a potion of attraction {unknown}


   Skills:
 + Level 4.1 Fighting
 - Level 2.6 Dodging
 - Level 2.1 Stealth
 + Level 4.1 Unarmed Combat


You had 2 spell levels left.
You didn't know any spells.
Your spell library contained the following spells:

 Spells                   Type           Power      Damage    Failure   Level
 Slow                     Hex            0%         N/A       47%         1
 Confusing Touch          Hex            0%         N/A       85%         3
 Vampiric Draining        Necr           0%         2d6       85%         3


Dungeon Overview and Level Annotations

Branches:
Dungeon (2/15)

Altars:

Shops:
D:2 :

Annotations:
D:2 1 runed translucent door, Crazy Yiuf


Innate Abilities, Weirdness & Mutations

You are immune to poison.
You have sharp fingernails.
Your flesh is cold resistant. (rC+)
You are immune to negative energy. (rN+++)
You do not regenerate when monsters are visible.
You are immune to unholy pain and torment.
You thrive by killing the living.


Message History

You are yanked towards some nearby monsters!
Your surroundings suddenly seem different.
A worm and a frilled lizard come into view.
Found a runed scarf and a club.
Found Xeaxovou's Vocational Training.
Found a stone staircase leading up.
The hobgoblin moves out of view.
The helpless frilled lizard fails to defend itself.
You claw the frilled lizard!
You kill the frilled lizard!
A kobold comes into view. It is wielding a +0 short sword.
The kobold shouts!
You scratch the worm but do no damage.
The kobold throws a stone.
The stone barely misses you.
You scratch the worm.
The worm is moderately wounded.
The worm misses you.
You scratch the worm.
The worm is moderately wounded.
You barely miss the worm.
The worm is moderately wounded.
The kobold throws a stone.
The stone closely misses you. The worm misses you.
The kobold throws a stone.
The stone closely misses you.
There is a stone staircase leading up here.
You climb upwards.
There is a stone staircase leading down here.
Search for what [? for help]? boot
There is an open door here.
There is a stone staircase leading down here.
You climb downwards.
Level annotation: 1 runed translucent door, Crazy Yiuf
There is a stone staircase leading up here.
You see here a +0 short sword.
A goblin comes into view.
It is wielding a +2 dagger of distortion.
You see here a +0 short sword.
The goblin hits you with a +2 dagger of distortion.
Space warps horribly around you!
You closely miss the goblin. Your claw misses the goblin.
The goblin hits you with a +2 dagger of distortion.
Space warps horribly around you!!
Ouch! That really hurt!
You die...

#..# #.#.###.# .... #.#...#.#
##### #.#.#.#.# #.#.#.#.#
#.#.#.#.# #.#.#.#.# #.#...#.#
#######################.#####.#
)..............g@......>......#
#############.#########.#######
#.# #.# #.# #.# #.# #.# #.# #.#
#.# #.# #.# #.# ###'#### #.#


You could see a goblin.

Vanquished Creatures
  An adder (D:2)
  An endoplasm (D:1)
  A giant cockroach (D:1)
  5 hobgoblins (D:1)
  3 quokkas
  2 ball pythons
  4 bats
  4 frilled lizards
  3 kobolds
  5 rats (D:1)
29 creatures vanquished.

Notes
Turn   | Place    | Note
-------+----------+-------------------------------------------
     0 | D:1      | cforsyth the Ghoul Monk began the quest for the Orb.
     0 | D:1      | Reached XP level 1. HP: 19/19 MP: 0/0
   229 | D:1      | Reached XP level 2. HP: 26/26 MP: 1/1
   421 | D:1      | Found a faded altar of an unknown god.
  1007 | D:2      | Reached XP level 3. HP: 30/33 MP: 2/2
  1275 | D:2      | Found a runed translucent door.
  1276 | D:2      | Noticed Crazy Yiuf
  1396 | D:2      | Found Xeaxovou's Vocational Training.
  1523 | D:2      | Mangled by a goblin

Illustrated notes

Levels and vault maps discovered:
D:1:      kennysheep_arrival_seaside, layout_basic,
          hellmonk_ecumenical_altar_leap_of_faith
D:2:      layout_basic, nicolae_shop_vocational, uniq_robin,
          uniq_crazy_yiuf_cottage

Skill      XL: |  1  2  3 |
---------------+----------+-----
Fighting       | 4 |  4.1
Unarmed Combat | 4 |  4.1
Dodging        | |  2.6
Stealth        | |  2.1

Action                   || total
-------------------------++-------
Melee: Unarmed           ||    87
       Punch             ||     1
 Stab: Sleeping          ||     3
       Distracted        ||     1
Armor: Robe              ||    21
Dodge: Dodged            ||    55

Table legend: (Time is in decaauts)
 A = Elapsed time spent in this place.
 B = Non-inter-level travel time spent in this place.
 C = Inter-level travel time spent in this place.
 D = Time resting spent in this place.
 E = Time spent auto-exploring this place.
 F = Levels seen in this place.
 G = Mean time per level.
                   A        B        C        D        E       F      G
               +--------+--------+--------+--------+--------+-----+--------+
         Total |   1520 |   1360 |    160 |      0 |   1107 |   2 |  760.0 |
       Dungeon |   1520 |   1360 |    160 |      0 |   1107 |   2 |  760.0 |
               +--------+--------+--------+--------+--------+-----+--------+

Top non-repeatable levels by time:
     D:1: 1040 daAuts
     D:2: 480 daAuts
